[Event "10th KiiT Festival 2017"]
[Site "Bhubaneshwar"]
[Date "2017.05.29"]
[Round "5"]
[White "Nayak Rajesh"]
[Black "Akash Pc, Iyer"]
[Result "0-1"]
[ECO "B33"]
[WhiteElo "2067"]
[BlackElo "2282"]
[Annotator "ChessBase"]
[PlyCount "90"]
[EventDate "2017.05.26"]
[EventType "swiss"]
[EventCountry "IND"]
[SourceTitle "playchess.com"]
[Source "ChessBase"]
[SourceQuality "1"]
[TimeControl "5400+30"]

1. e4 c5 2. Nf3 Nc6 3. d4 cxd4 4. Nxd4 e5 5. Nb3 Nf6 6. Nc3 Bb4 7. Bg5 h6 8. Bxf6 Qxf6 9. Bc4 O-O 10. Qd3 Ne7 11. O-O Bxc3 12. Qxc3 Ng6 13. Rad1 d6 14. Nc1 Bd7 15. Ne2 Rac8 16. Qd3 Rfd8 17. Bb3 Bc6 18. Qe3 a5 19. f4 Rd7 20. f5 Ne7 21. Nc3 b5 22. a3 b4 23. axb4 axb4 24. Na4 Rb8 25. Nb6 Rc7 26. Nc4 Nc8 27. Rf2 Bb5 28. Nd2 Nb6 29. Nf1 Bxf1 30. Rfxf1 Nc4 31. Qd3 Rbc8 32. Rb1 Na5 33. Ba4 Nb7 34. Qb3 Nc5 35. Qxb4 Nxa4 36. Qxa4 Rxc2 37. Qb3 Qh4 38. Qf3 R8c4 39. Rbd1 Rxe4 40. f6 Rf4 41. Qa8+ Kh7 42. fxg7 Kxg7 43. Qa7 Qg4 44. Qb7 e4 45. g3 Qe2 0-1

[Event "10th KiiT Festival 2017"]
[Site "Bhubaneshwar"]
[Date "2017.05.29"]
[Round "6"]
[White "Datta Ramakrishna J"]
[Black "Aradhya, Garg"]
[Result "0-1"]
[ECO "C30"]
[WhiteElo "1364"]
[BlackElo "2304"]
[Annotator "NA RC"]
[PlyCount "74"]
[EventDate "2017.05.26"]
[EventType "swiss"]
[EventCountry "IND"]
[SourceTitle "playchess.com"]
[Source "ChessBase"]
[SourceQuality "1"]
[TimeControl "5400+30"]

1. e4 e5 2. f4 Bc5 3. Nf3 d6 4. Nc3 Nc6 5. Na4 Bg4 6. Bb5 Bb6 7. Nxb6 axb6 8. h3 Bxf3 9. Qxf3 Nge7 10. Bxc6+ Nxc6 11. c3 O-O 12. f5 d5 13. d3 dxe4 14. dxe4 Ra4 15. O-O Qh4 16. b4 Rd8 17. a3 Raa8 18. Bb2 Rd2 19. Bc1 Rd6 20. Bb2 Rd2 21. Bc1 Rd6 22. Bb2 Rad8 23. Rad1 h6 24. Rd5 Rxd5 25. exd5 e4 26. Qd1 b5 27. c4 bxc4 28. b5 Ne7 29. Qd4 Qg5 30. Qxe4 Nxd5 31. Bc1 Qf6 32. Qxc4 Qc3 33. Qe2 Qc5+ 34. Kh1 Nf6 35. Bf4 Re8 36. Qd3 Qd5 37. Rd1 Re1+ 0-1

[Event "10th KiiT Festival 2017"]
[Site "Bhubaneshwar"]
[Date "2017.05.30"]
[Round "7"]
[White "Arun Prasad Raja V"]
[Black "Aparna, Raja"]
[Result "1-0"]
[ECO "B51"]
[WhiteElo "1407"]
[BlackElo "1676"]
[Annotator "NA RC"]
[PlyCount "69"]
[EventDate "2017.05.26"]
[EventType "swiss"]
[EventCountry "IND"]
[SourceTitle "playchess.com"]
[Source "ChessBase"]
[SourceQuality "1"]
[TimeControl "40/5400+30:1800+30"]

1. e4 c5 2. Nf3 d6 3. Bb5+ Nd7 4. O-O Ngf6 5. Re1 a6 6. Bf1 b6 7. c3 Bb7 8. d3 e5 9. Nbd2 Be7 10. d4 O-O 11. a4 Qc7 12. d5 g6 13. Nc4 b5 14. Na3 b4 15. Nc4 a5 16. Bh6 Rfb8 17. Nfd2 Ba6 18. g3 Ne8 19. f4 Bf6 20. f5 Bg7 21. Bg5 Bf6 22. Be3 Nb6 23. Qf3 Nxc4 24. Bxc4 Bxc4 25. Nxc4 Qe7 26. h4 Ng7 27. Bd2 h5 28. Re2 Kh7 29. cxb4 axb4 30. b3 Rg8 31. Rf1 Raf8 32. Qe3 Rh8 33. fxg6+ Kxg6 34. Ref2 Ne8 35. Rxf6+ 1-0

[Event "10th KiiT Festival 2017"]
[Site "Bhubaneshwar"]
[Date "2017.05.31"]
[Round "8"]
[White "Anantha krishna Nayak M"]
[Black "Arun Prasad Raja V"]
[Result "1-0"]
[ECO "E92"]
[WhiteElo "1267"]
[BlackElo "1407"]
[Annotator "NA RC"]
[PlyCount "85"]
[EventDate "2017.05.26"]
[EventType "swiss"]
[EventCountry "IND"]
[SourceTitle "playchess.com"]
[Source "ChessBase"]
[SourceQuality "1"]
[TimeControl "40/5400+30:1800+30"]

1. d4 Nf6 2. c4 g6 3. Nc3 Bg7 4. e4 d6 5. Be2 O-O 6. Nf3 e5 7. d5 a5 8. Be3 Na6 9. Nd2 Bd7 10. g4 Ne8 11. g5 f5 12. gxf6 Nxf6 13. Rg1 c6 14. h4 cxd5 15. cxd5 b5 16. Bxb5 Bxb5 17. Nxb5 Rb8 18. a4 Nc5 19. Bxc5 dxc5 20. Qe2 Nh5 21. Qg4 Kh8 22. O-O-O Rf4 23. Qe2 Qxh4 24. f3 Rff8 25. Kb1 Nf4 26. Qc4 Qf2 27. Rge1 h5 28. d6 Bf6 29. d7 Kg7 30. Nb3 Ng2 31. Re2 Qxf3 32. Nxc5 Rb6 33. Nc7 Nf4 34. Red2 Bd8 35. Rf1 Qxf1+ 36. Qxf1 Bxc7 37. Qc4 Bd8 38. Qc3 Rc6 39. Qxe5+ Bf6 40. Qxf4 Rxc5 41. d8=Q Rxd8 42. Rxd8 Bxd8 43. Qd6 1-0